 Dungeon Crawl Stone Soup version 0.22.1-5-g62c59d919a (webtiles) character file.

324 NochnoyZador the Basher (level 6, -7/51 HPs)
             Began as a Minotaur Fighter on Jan 12, 2019.
             Mangled by Natasha (10 damage)
             ... on level 3 of the Dungeon.
             The game lasted 00:08:40 (2254 turns).

NochnoyZador the Basher (Minotaur Fighter)          Turns: 2254, Time: 00:08:40

Health: -7/51      AC:  0    Str: 20    XL:     6   Next: 23%
Magic:  5/5        EV: 17    Int:  5    God:
Gold:   158        SH:  0    Dex: 17    Spells: 5/5 levels left

rFire    . . .     SeeInvis .   (weapon currently unavailable)
rCold    . . .     Gourm    .   (shield currently unavailable)
rNeg     . . .     Faith    .   (armour currently unavailable)
rPois    .         Spirit   .   (helmet currently unavailable)
rElec    .         Reflect  .   (cloak currently unavailable)
rCorr    .         Harm     .   (gloves currently unavailable)
MR       .....                  (boots currently unavailable)
Stlth    ++........             (no amulet)
HPRegen  0.17/turn              (ring currently unavailable)
MPRegen  0.09/turn              (ring currently unavailable)

@: bat-form (expiring), flying, slowed, quick
A: tiny, (retaliatory headbutt)
a: no special abilities


You were on level 3 of the Dungeon.
You were not hungry.
You were in bat-form.
You visited 1 branch of the dungeon, and saw 3 of its levels.

You collected 158 gold pieces.

Inventory:

Hand Weapons
 a - a +0 flail (melded)
 j - a +2 trident of venom
Missiles
 e - 61 arrows
 m - 45 stones (quivered)
 n - 26 sling bullets
Armour
 b - a +0 scale mail (melded)
 c - a +0 shield (melded)
Jewellery
 o - an uncursed ring of ice {unknown}
Scrolls
 g - a scroll of immolation {unknown}
 i - 5 scrolls of identify {unknown}
 k - 3 scrolls of fear {unknown}
 l - a scroll of random uselessness {unknown}
 p - a scroll of blinking {unknown}
 q - a scroll of amnesia {unknown}
 u - a scroll of remove curse {unknown}
Potions
 d - a potion of might
 h - a potion of berserk rage {unknown}
 r - 2 potions of curing {unknown}
 t - a potion of brilliance {unknown}
Comestibles
 f - 10 rations
 s - 8 chunks of flesh


   Skills:
 - Level 3.6 Fighting
 * Level 8.0 Maces & Flails
 - Level 3.6 Armour
 - Level 3.6 Shields


You had 5 spell levels left.
You didn't know any spells.
Your spell library was empty.

Dungeon Overview and Level Annotations

Branches:
Dungeon (3/15)

Altars:

Annotations:
D:3 1 runed door, Natasha; wont's ghost, amateur DDFi


Innate Abilities, Weirdness & Mutations

((You reflexively headbutt those who attack you in melee.))
((You have a pair of horns on your head.))


Message History

Natasha is heavily wounded.
Natasha misses you.
Natasha zaps a wand.
You hit Natasha.
Natasha is severely wounded.
Natasha zaps a wand.
You resist with some effort. Natasha claws you!
* * * LOW HITPOINT WARNING * * *
You hit Natasha.
Natasha is almost dead.
Natasha stares at you and mumbles some strange words.
The magic dart hits you!
* * * LOW HITPOINT WARNING * * *
Natasha wildly gestures.
You feel disoriented. Natasha closely misses you.
Natasha casts a spell.
Natasha zaps a wand.
The crimson imp blinks!
Your transformation is almost over.
Natasha claws you!
You die...

#.....###.<.....#..# #..#
####...#..##.#.#..#
###.## ###...###.#..<#
#...# #####..###....##
#.### #>.........##.#
####.#
#..........##.#####....#
#.........ยง##.##....####
#..........##.##.#####
#.......5.hb.........# ##
#..........##.#.####.####
#. #.........###.#.#
#....###.
#######.......#.#
####..##. #....#....#
#..... #..#...#..# #.#...
#..##..#..# ##.#### ##
#..##..#..######[)# #.
##..##..........).##


You could see Natasha and a crimson imp.

Vanquished Creatures
  An orc priest (D:3)
  3 orc wizards (D:3)
  Natasha (twice) (D:3)
  9 adders
  An ooze (D:2)
  A worm (D:2)
  A dart slug (D:2)
  A leopard gecko (D:1)
  7 orcs (D:3)
  9 bats
  2 giant cockroaches
  2 goblins (D:3)
  8 hobgoblins
  2 jackals (D:2)
  A quokka (D:3)
  3 frilled lizards
  5 kobolds
  8 rats
66 creatures vanquished.

Notes
Turn   | Place    | Note
-------+----------+-------------------------------------------
     0 | D:1      | NochnoyZador the Minotaur Fighter began the quest for the
                  | Orb.
     0 | D:1      | Reached XP level 1. HP: 19/19 MP: 0/0
   136 | D:1      | Reached skill level 3 in Maces & Flails
   385 | D:1      | Reached XP level 2. HP: 26/26 MP: 1/1
   643 | D:2      | Reached skill level 4 in Maces & Flails
   688 | D:2      | Reached XP level 3. HP: 13/31 MP: 2/2
  1089 | D:2      | Reached skill level 5 in Maces & Flails
  1317 | D:3      | Reached XP level 4. HP: 38/39 MP: 3/3
  1420 | D:3      | Reached skill level 6 in Maces & Flails
  1426 | D:3      | Reached XP level 5. HP: 2/45 MP: 4/4
  1445 | D:2      | HP: 2/45 [adder (3)]
  1958 | D:3      | Noticed Natasha
  1964 | D:3      | Killed Natasha
  1964 | D:3      | Reached skill level 7 in Maces & Flails
  2103 | D:3      | Reached XP level 6. HP: 46/51 MP: 5/5
  2173 | D:3      | Noticed Natasha
  2178 | D:3      | Killed Natasha
  2178 | D:3      | Reached skill level 8 in Maces & Flails
  2203 | D:3      | Noticed wont's ghost (amateur DDFi)
  2222 | D:3      | Found a runed door.
  2236 | D:3      | Noticed Natasha
  2254 | D:3      | Mangled by Natasha

Skill      XL: |  1  2  3  4  5  6 |
---------------+-------------------+-----
Maces & Flails | 3 4 5 6 7 8 |  8.0
Fighting       | |  3.6
Armour         | |  3.6
Shields        | |  3.6

Action                   |  1- 3 |  4- 6 || total
-------------------------+-------+-------++-------
Melee: Flail             |    90 |   129 ||   219
       Headbutt          |    12 |    21 ||    33
       Unarmed           |       |     8 ||     8
  Use: Potion            |     2 |       ||     2
  Eat: Chunk             |     1 |     4 ||     5
Armor: Scale mail        |    59 |    52 ||   111
Dodge: Dodged            |    18 |    42 ||    60
Block: Shield            |    46 |    60 ||   106
